 Dungeon Crawl Stone Soup version 0.15-a0-2099-gfb1bfb9 (webtiles) character file.

25925 N00bl0rd the Cleaver (level 13, -6/104 HPs)
             Began as a Formicid Fighter on July 14, 2014.
             Was the Champion of Cheibriados.
             Mangled by a 13-headed hydra (10 damage)
             ... on Level 4 of the Lair of Beasts.
             The game lasted 00:32:52 (12866 turns).

N00bl0rd the Cleaver (Formicid Fighter)            Turns: 12866, Time: 00:32:52

HP  -6/104       AC 19     Str 48      XL: 13   Next: 54%
MP  27/27        EV 17     Int 24      God: Cheibriados [******]
Gold 862         SH  8     Dex 25      Spells:  0 memorised, 12 levels left

rFire  + . .     SeeInvis +     g - +4 battleaxe (chop)
rCold  . . .     Clarity  .     E - +2 chain mail {rF+}
rNeg   . . .     rCorr    .     K - +0 buckler of the Evening {MR++ Slay+4 Curse}
rPois  .         rRot     .     (helmet unavailable)
rElec  .         Spirit   .     s - +2 cloak
SustAb +         Warding  .     w - +2 pair of gloves
rMut   .         Stasis   +     (no boots)
Gourm  +                        k - amulet of the gourmand
MR     +++..                    h - ring of sustain abilities
                                q - cursed +3 ring of strength

@: mighty, very slightly contaminated, invisible, very slow, extremely resistant
to hostile enchantments, extremely unstealthy
A: permanent stasis, dig shafts and tunnels, four strong arms, antennae 3
a: Dig, Shaft Self, Bend Time, Temporal Distortion, Slouch, Step From Time,
Renounce Religion


You were on level 4 of the Lair of Beasts.
You worshipped Cheibriados.
Cheibriados was exalted by your worship.
You were completely stuffed.

You visited 3 branches of the dungeon, and saw 15 of its levels.
You also visited: Volcano.

You collected 862 gold pieces.

Inventory:

Hand weapons
 g - a +4 battleaxe of chopping (weapon)
Armour
 s - a +2 cloak (worn)
 w - a +2 pair of gloves (worn)
 E - a +2 chain mail of fire resistance (worn)
 K - the +0 buckler of the Evening (worn) {MR++ Slay+4 Curse}
   (You found it on level 3 of the Lair of Beasts)

   It affects your accuracy and damage with ranged weapons and melee attacks
   (+4).
   It affects your resistance to hostile enchantments.
   It may recurse itself when equipped.
 Q - a +0 large shield
Magical devices
 a - a wand of flame (6)
 b - a wand of polymorph (6)
 c - a wand of digging (10)
 t - a wand of frost (4)
 v - a wand of invisibility (7)
 B - a wand of flame (5)
 J - a wand of disintegration (9)
 N - a wand of fire (6)
 R - a wand of disintegration (20)
Comestibles
 d - 7 bread rations
 i - 12 meat rations
 n - 4 beef jerkies
 u - 4 slices of pizza
 A - 3 fruits
 G - 11 royal jellies
Scrolls
 j - 17 scrolls of remove curse
 o - a scroll of recharging
 p - 11 scrolls of identify
 y - a scroll of amnesia
 D - a scroll of enchant weapon
 I - 3 scrolls of fog
 L - a scroll of fear
 M - a scroll of enchant armour
Jewellery
 f - an uncursed ring of fire
 h - a ring of sustain abilities (right hand)
 k - an amulet of the gourmand (around neck)
 m - an uncursed ring of wizardry
 q - a cursed +3 ring of strength (left hand)
 z - an uncursed amulet of resist corrosion
 H - an uncursed ring of ice
 O - an uncursed ring of positive energy
Potions
 e - 2 potions of might
 l - a potion of porridge
 x - 2 potions of curing
 C - 4 potions of brilliance
 S - a potion of mutation
Books
 r - a book of Maledictions

   Spells                             Type                      Level
   Corona                             Hexes                        1
   Sure Blade                         Hexes/Charms                 2
   Ensorcelled Hibernation            Hexes/Ice                    2
   Confuse                            Hexes                        3
   Dazzling Spray                     Conjuration/Hexes            3
   Enslavement                        Hexes                        4
 T - a book of Frost

   Spells                             Type                      Level
   Freeze                             Ice                          1
   Throw Frost                        Conjuration/Ice              2
   Ozocubu's Armour                   Charms/Ice                   3
   Throw Icicle                       Conjuration/Ice              4
   Summon Ice Beast                   Ice/Summoning                4
   Condensation Shield                Ice                          4


   Skills:
 + Level 10.6 Fighting
 * Level 12.7 Axes
 + Level 7.8 Armour
 * Level 8.8 Dodging
 + Level 9.7 Shields
 + Level 8.8 Invocations


You had 12 spell levels left.
You didn't know any spells.

Dungeon Overview and Level Annotations

Branches:
Dungeon (10/15)            Temple (1/1) D:4             Orc (0/4) D:9
   Lair (4/8) D:10
  Swamp: Lair:3-6    Shoals: Lair:3-6     Snake: Lair:3-6    Spider: Lair:3-6

Altars:
Ashenzari
Cheibriados
Dithmenos
Elyvilon
Fedhas
Gozag
Kikubaaqudgha
Makhleb
Nemelex Xobeh
Okawaru
Qazlal
Sif Muna
Trog
Vehumet
Xom
Yredelemnul
Zin
The Shining One

Shops:
D:5 =   D:9 (


Innate Abilities, Weirdness & Mutations

Your are under a permanent stasis effect.
You can dig through walls and to a lower floor.
Your four strong arms can wield two-handed weapons with a shield.
You have a pair of large antennae on your head (SInv).


Message History

The 12-headed hydra misses you. The 12-headed hydra bites you.
* * * LOW HITPOINT WARNING * * *
The 12-headed hydra bites you.
* * * LOW HITPOINT WARNING * * *
The 12-headed hydra barely misses you.
Unknown command.
Unknown command.
Drink which item? (? for menu, Esc to quit)
Okay, then.
You slice one of the 12-headed hydra's heads off!
The 11-headed hydra grows two more!
You slice the 13-headed hydra!!
The 13-headed hydra is severely wounded.
The 13-headed hydra bites you but does no damage.
The 13-headed hydra closely misses you. You block the 13-headed hydra's attack.
You block the 13-headed hydra's attack.
The 13-headed hydra bites you but does no damage.
The 13-headed hydra misses you. The 13-headed hydra closely misses you.
You block the 13-headed hydra's attack. The 13-headed hydra misses you.
The 13-headed hydra closely misses you. The 13-headed hydra bites you!
You die...

#.....#..........## ..........
#.#...#.#........#####..........
#.#...#.#.......#....# #.......
....##.......## ....###.......
#P.#. #........##......# ....
### ##........#........
##................
#......D.........
##....@......P#. #.....##......#
###............. #............
##....#..... ##... ##.. #. . #
#. #


You could see a 13-headed hydra.

Vanquished Creatures
  Fannar (Lair:1)
  A hydra (Lair:2)
  3 death yaks (Lair:3)
  The ghost of ketsa the Destroyer, an experienced DECj of Vehumet (Lair:1)
  A hell knight (Volcano)
  Pikel (D:8)
  3 elephants (Lair:2)
  A griffon (Lair:3)
  2 toenail golems (Volcano)
  Maurice (D:9)
  A torpor snail (Lair:3)
  An efreet (D:10)
  A fire drake (Lair:4)
  9 spiny frogs
  2 red devils (Volcano)
  The ghost of N00bl0rd the Shield-Bearer, an average FoFi of Cheibriados (D:4)
  5 blink frogs (Lair:1)
  2 two-headed ogres
  A wyvern (D:6)
  22 yaks
  3 deep elf magi
  8 humans (D:7)
  A hill giant skeleton (D:9)
  5 wolves (Lair:3)
  Menkaure (D:5)
  A hell hound (Volcano)
  7 hippogriffs
  An ice beast (D:6)
  A soldier ant (D:10)
  8 porcupines
  3 water moccasins
  A sky beast (D:10)
  An orc warrior (D:9)
  A black bear (D:8)
  3 ogres
  2 phantoms
  3 centaurs
  7 crocodiles
  Blork the orc (D:9)
  12 giant frogs
  A hippogriff zombie (D:10)
  5 killer bees
  2 scorpions
  A quasit (D:9)
  2 crimson imps
  5 orc priests
  8 wights
  3 goliath beetles
  6 orc wizards
  6 hounds
  3 jellies (D:8)
  12 iguanas
  4 worker ants
  19 sheep
  Ijyb (D:3)
  A hound skeleton (D:5)
  A mummy (D:9)
  10 adders
  71 green rats
  2 inept item mimics
  A shadow imp (D:10)
  4 worms
  5 oozes (D:8)
  4 giant geckos
  25 orcs
  3 ball pythons
  5 giant cockroaches
  A giant mite zombie (D:5)
  8 goblins
  14 hobgoblins
  15 jackals
  10 quokkas
  11 bats
  2 giant gecko skeletons
  8 giant newts
  13 kobolds
  An orc skeleton (D:10)
  18 rats
  7 ballistomycetes
  A fungus (Lair:3)
  7 plants (Lair:3)
456 creatures vanquished.

Vanquished Creatures (others)
  A centaur (D:8)
  An orc (D:8)
  A kobold (D:8)
  2 giant spores
  A fungus (Lair:2)
6 creatures vanquished.

Grand Total: 462 creatures vanquished

Notes
Turn   | Place    | Note
--------------------------------------------------------------
     0 | D:1      | N00bl0rd, the Formicid Fighter, began the quest for the Orb.
     0 | D:1      | Reached XP level 1. HP: 18/18 MP: 1/1
   202 | D:1      | Reached XP level 2. HP: 24/24 MP: 3/3
   611 | D:1      | Reached XP level 3. HP: 29/29 MP: 4/4
   718 | D:2      | Identified a +0 rod of shadows (9/9) (You found it on level 2 of the Dungeon)
   758 | D:2      | Reached skill level 1 in Dodging
   963 | D:2      | Reached XP level 4. HP: 16/37 MP: 5/5
  1181 | D:3      | Reached skill level 4 in Shields
  1206 | D:3      | Noticed Ijyb
  1229 | D:3      | Killed Ijyb
  1229 | D:3      | Reached XP level 5. HP: 32/42 MP: 7/7
  1645 | D:3      | Reached XP level 6. HP: 46/49 MP: 8/8
  1998 | D:4      | Reached XP level 7. HP: 38/55 MP: 9/9
  2002 | D:4      | Noticed N00bl0rd's ghost (average FoFi)
  2437 | D:4      | Reached skill level 5 in Shields
  2608 | D:4      | Reached skill level 5 in Fighting
  2636 | D:4      | Killed N00bl0rd's ghost
  2636 | D:4      | Reached skill level 5 in Axes
  2856 | D:4      | Found a staircase to the Ecumenical Temple.
  2890 | Temple   | Entered the Ecumenical Temple
  2986 | Temple   | Became a worshipper of Cheibriados the Contemplative
  3054 | D:5      | Entered Level 5 of the Dungeon
  3068 | D:5      | Reached XP level 8. HP: 49/62 MP: 11/11
  3372 | D:5      | Noticed Menkaure
  3381 | D:5      | Killed Menkaure
  3381 | D:5      | Reached skill level 6 in Axes
  3651 | D:5      | Found Affutule's Jewellery Shoppe.
  3752 | D:5      | Gained mutation: Your mind is acute. (Int +2) [potion of mutation]
  3752 | D:5      | Gained mutation: Your magical capacity is low (-10% MP). [potion of mutation]
  3752 | D:5      | Gained mutation: Your body is slowly deteriorating. [potion of mutation]
  3878 | D:5      | Reached skill level 1 in Invocations
  4266 | D:6      | Reached XP level 9. HP: 51/69 MP: 12/12
  4442 | D:6      | Reached skill level 7 in Axes
  4448 | D:6      | HP: 3/70 [wyvern (1)]
  5045 | D:7      | Reached skill level 8 in Axes
  5059 | D:7      | Reached skill level 5 in Invocations
  5062 | D:7      | Reached XP level 10. HP: 72/79 MP: 16/18
  5076 | D:7      | Reached skill level 9 in Axes
  5209 | D:7      | Acquired Cheibriados' first power
  5799 | D:8      | Noticed Pikel
  5816 | D:8      | Killed Pikel
  6103 | D:8      | Found a white marble altar of Elyvilon.
  6300 | D:9      | Acquired Cheibriados' second power
  6516 | D:9      | HP: 2/82 [orc priest/divine providence (11)]
  6518 | D:9      | Reached skill level 10 in Axes
  6522 | D:9      | HP: 4/82 [orc priest/nerve-wracking pain (7)]
  6773 | D:9      | Reached XP level 11. HP: 62/87 MP: 20/20
  6782 | D:9      | Reached skill level 5 in Dodging
  7003 | D:9      | Found Ymnaasa's Weapon Shop.
  7069 | D:9      | Found a staircase to the Orcish Mines.
  7599 | D:9      | Noticed Maurice
  7607 | D:9      | Killed Maurice
  7649 | D:9      | Noticed Blork the orc
  7653 | D:9      | Killed Blork the orc
  7765 | D:10     | Entered Level 10 of the Dungeon
  7776 | D:10     | Reached skill level 5 in Armour
  7904 | D:10     | Found a staircase to the Lair.
  8550 | D:10     | Acquired Cheibriados' third power
  8751 | D:10     | Lost mutation: Your body is slowly deteriorating. [potion of cure mutation]
  8751 | D:10     | Lost mutation: Your mind is acute. (Int +2) [potion of cure mutation]
  8751 | D:10     | Lost mutation: Your magical capacity is low (-10% MP). [potion of cure mutation]
  8798 | Lair:1   | Entered Level 1 of the Lair of Beasts
  9022 | Lair:1   | Noticed Fannar
  9032 | Lair:1   | Killed Fannar
  9032 | Lair:1   | Reached skill level 11 in Axes
  9104 | Lair:1   | Noticed ketsa's ghost (experienced DECj)
  9120 | Lair:1   | Killed ketsa's ghost
  9244 | Lair:1   | Reached XP level 12. HP: 93/95 MP: 25/25
 10145 | Lair:2   | Noticed a five-headed hydra
 10151 | Lair:2   | Killed a seven-headed hydra
 10173 | Lair:2   | Found a dark tunnel.
 10189 | Volcano  | Entered a volcano
 10237 | Volcano  | Noticed a hell knight
 10248 | Volcano  | Killed a hell knight
 10416 | Lair:2   | Reached skill level 10 in Fighting
 10687 | Lair:2   | Reached skill level 12 in Axes
 11245 | Lair:3   | Got a bloodstained buckler
 11275 | Lair:3   | Identified the +0 buckler of the Evening {MR++ Slay+4 Curse} (You found it on level 3 of the Lair of Beasts)
 11284 | Lair:3   | Reached XP level 13. HP: 103/103 MP: 26/26
 12171 | Lair:3   | Noticed a death yak
 12174 | Lair:3   | Noticed a death yak
 12175 | Lair:3   | Killed a death yak
 12178 | Lair:3   | Noticed a death yak
 12181 | Lair:3   | Killed a death yak
 12187 | Lair:3   | Killed a death yak
 12858 | Lair:4   | HP: 2/104 [11-headed hydra (10)]
 12865 | Lair:4   | HP: 4/104 [12-headed hydra (5)]
 12866 | Lair:4   | Mangled by a 13-headed hydra

Action                   |  1- 3 |  4- 6 |  7- 9 | 10-12 | 13-15 || total
-------------------------+-------+-------+-------+-------+-------++-------
Melee: War axe           |    85 |   127 |   246 |       |       ||   458
       Battleaxe         |       |       |    39 |   559 |   170 ||   768
Invok: Slouch            |       |       |       |     3 |       ||     3
Evoke: Wand              |     1 |     1 |     1 |     9 |     3 ||    15
  Use: Potion            |       |     6 |     3 |     4 |     5 ||    18
       Scroll            |       |     5 |     2 |     7 |     1 ||    15
 Stab: Paralysed         |       |       |       |     1 |       ||     1
       Betrayed ally     |       |       |       |     1 |       ||     1
       Invisible         |       |       |       |     1 |       ||     1
  Eat: Chunk             |     4 |    14 |     9 |    13 |     5 ||    45
